 Dungeon Crawl Stone Soup version 0.31-a0-1-g4198be8af4 (webtiles) character file.

Game seed: 16038761957465496325

254 bande the Covered (level 6, -14/38 HPs)
             Began as a Gargoyle Fighter on May 3, 2023.
             Demolished by a kobold brigand
             ... wielding a +1 whip of distortion
              (15 damage)
             ... on level 3 of the Dungeon.
             The game lasted 00:03:47 (2579 turns).

bande the Covered (Gargoyle Fighter)                Turns: 2579, Time: 00:03:47

Health: -14/38     AC: 18    Str: 20    XL:     6   Next: 15%
Magic:  6/6        EV:  5    Int:  8    God:
Gold:   133        SH:  4    Dex: 11    Spells: 5/5 levels left

rFire   . . .        a - +0 war axe
rCold   . . .        c - +0 buckler
rNeg    + . .        g - +0 plate armour
rPois   ∞            l - +0 helmet
rElec   +            (no cloak)
rCorr   .            (no gloves)
SInv    .            h - +0 pair of boots
Will    .....        (no amulet) Stlth
                     (no ring)
HPRegen 0.26/turn    (no ring)
MPRegen 0.10/turn

%: no passive effects
@: mighty
A: sickness immunity, AC +4, negative energy resistance 1, electricity
resistance, torment resistance 1, petrification resistance
a: no special abilities


You were on level 3 of the Dungeon.
You visited 1 branch of the dungeon, and saw 3 of its levels.

You collected 133 gold pieces.

Inventory:

Hand Weapons
 a - a +0 war axe (weapon)
Armour
 c - a +0 buckler (worn)
 g - a +0 plate armour (worn)
 h - a +0 pair of boots (worn)
 l - a +0 helmet (worn)
Wands
 e - a wand of polymorph (10)
Scrolls
 f - 2 scrolls of teleportation
 k - a scroll of identify
Potions
 b - a potion of mutation
 i - a potion of resistance
 j - a potion of flight


   Skills:
 + Level 4.1 Fighting
 + Level 4.1 Axes
 + Level 4.5 Armour
 + Level 4.0 Shields
 * Level 0.1 Evocations


You had 5 spell levels left.
You didn't know any spells.
Your spell library was empty.

Dungeon Overview and Level Annotations

Branches:
Dungeon (3/15)

Altars:

Portals:
Abyss: D:3

Annotations:
D:3 1 transporter, elongatedgoose's ghost, amateur DsGl


Innate Abilities, Weirdness & Mutations

You are immune to sickness and miasma.
Your stone body is resilient. (AC +4)
You are immune to poison.
You resist negative energy. (rN+)
You are resistant to electric shocks. (rElec)
You are resistant to unholy torment.
You are immune to petrification.


Message History

a +0 whip; a +0 club; a +0 dagger You slash the endoplasm!
You kill the endoplasm!
No target in view!
No target in view!
Things that are here:
a +0 whip; a +0 club; a +0 dagger As you open the door, it creaks loudly!
There is an open door here.
You open the door.
There is an open door here.
There is an open door here.
There is an open door here.
Found a potion of attraction.
No target in view!
No target in view!
You see here a potion of attraction.
The quasit gives a chilling moan.
Partly explored, unvisited transporter.
Partly explored, unvisited transporter.
Partly explored, unvisited transporter.
You see here a potion of attraction.
Elongatedgoose's ghost turns its malevolent gaze towards you.
There is a transporter here.
You feel very mighty all of a sudden.
You enter the transporter and appear at another place.
The kobold brigand shouts!
The kobold brigand hits you with a +1 whip of distortion.
Space warps horribly around you!
You block the small abomination's attack.
You closely miss the small abomination. You barely miss the kobold brigand.
The kobold brigand hits you but does no damage.
Space warps horribly around you!!
Ouch! That really hurt!
* * * LOW HITPOINT WARNING * * *
The small abomination hits you.
* * * LOW HITPOINT WARNING * * *
The kobold brigand hits you but does no damage.
Space warps horribly around you!
You die...

.....##.##...#x##..###.####...##
##.####.##...#..#..#....$.##..#
##.####.##..##.##..##^.#...#..##
##....#.##..#..##...####..##...#
#####...#...#...##....##.##....#
..# #####...##...###.##.###....##
#.# #........###...###....##....#
#.###.###.....©#©^#... #..#!...#
#...#.# #.....##@##.:##^..##....#
###...###....##K#x.©..#..##.....#
#####.......##.#.####..# #......#
............#.#W #.©## .###.....#
#####.###...##5###...###W.#.....#
.# #)# ##...###.......####.....#
.# #.# #......................#
.# #.# #....................###
.####.# ##.##..###........#..#


You could see a kobold brigand and a small abomination.

Vanquished Creatures
  Sigmund (D:2)
  Jessica (D:3)
  A white imp (D:3)
  2 dart slugs (D:2)
  4 orcs (D:3)
  5 endoplasms
  5 giant cockroaches
  6 goblins
  6 hobgoblins
  5 jackals (D:1)
  3 quokkas
  A ball python (D:2)
  9 bats
  3 frilled lizards
  3 kobolds
  3 rats
58 creatures vanquished.

Notes
Turn   | Place    | Note
-------+----------+-------------------------------------------
     0 | D:1      | bande the Gargoyle Fighter began the quest for the Orb.
     0 | D:1      | Reached XP level 1. HP: 14/14 MP: 1/1
   197 | D:1      | Reached XP level 2. HP: 19/19 MP: 2/2
   521 | D:1      | Reached XP level 3. HP: 23/23 MP: 3/3
   954 | D:2      | Noticed Sigmund
   967 | D:2      | Killed Sigmund
   968 | D:2      | Reached XP level 4. HP: 29/29 MP: 4/4
   968 | D:2      | Reached XP level 5. HP: 33/33 MP: 5/5
  1718 | D:3      | Noticed Jessica
  1731 | D:3      | Killed Jessica
  1732 | D:3      | Reached XP level 6. HP: 16/38 MP: 6/6
  1822 | D:3      | Found a one-way gate to the infinite horrors of the Abyss.
  1822 | D:3      | Noticed elongatedgoose's ghost (amateur DsGl)
  1823 | D:3      | Found a transporter.
  1826 | D:3      | Found a transporter.
  2439 | D:3      | Noticed a small abomination
  2579 | D:3      | HP: 1/38 [small abomination (6)]
  2579 | D:3      | Demolished by a kobold brigand

Illustrated notes

Levels and vault maps discovered:
D:1:      scummos_arrival_forest, layout_basic
D:2:      layout_basic, uniq_sigmund
D:3:      layout_basic, gammafunk_ghost_abyssal_escape, uniq_jessica

Skill      XL: |  1  2  3  4  5 |
---------------+----------------+-----
Axes           | 2 3 4 |  4.1
Fighting       | 4 |  4.1
Armour         | 4 |  4.5
Shields        | 4 |  4.0
Evocations     | |  0.1

Action                     |  1- 3 |  4- 6 || total
---------------------------+-------+-------++-------
  Melee: War axe           |   127 |    55 ||   182
    Use: Scroll            |     2 |     7 ||     9
         Potion            |     1 |     1 ||     2
 Armour: Scale mail        |    45 |       ||    45
         Plate armour      |    44 |    30 ||    74
  Dodge: Dodged            |    89 |    10 ||    99
  Block: Buckler           |    34 |     9 ||    43

Table legend: (Time is in decaauts)
 A = Elapsed time spent in this place.
 B = Non-inter-level travel time spent in this place.
 C = Inter-level travel time spent in this place.
 D = Time resting spent in this place.
 E = Time spent auto-exploring this place.
 F = Levels seen in this place.
 G = Mean time per level.
                   A        B        C        D        E       F      G
               +--------+--------+--------+--------+--------+-----+--------+
         Total |   2656 |   2568 |     88 |    209 |   1778 |   3 |  885.3 |
       Dungeon |   2656 |   2568 |     88 |    209 |   1778 |   3 |  885.3 |
               +--------+--------+--------+--------+--------+-----+--------+

Top non-repeatable levels by time:
     D:2: 977 daAuts
     D:3: 937 daAuts
     D:1: 741 daAuts
